 Dungeon Crawl Stone Soup version 0.29.1-12-g30fa7ad0bf (webtiles) character file.

Game seed: 391686018303190535

46435 javelincjr the Skirmisher (level 14, -10/115 HPs)
             Began as a Pale Draconian Conjurer on Jan 11, 2023.
             Was an Elder of Vehumet.
             Mangled by a great orb of eyes simulacrum (32 damage)
             ... summoned by an orange crystal statue
             ... in an ice cave.
             The game lasted 03:53:32 (23596 turns).

javelincjr the Skirmisher (DrCj)                   Turns: 23596, Time: 03:53:32

Health: -10/115    AC: 14    Str: 10      XL:     14   Next: 4%
Magic:  28/28      EV: 29    Int: 23 (28) God:    Vehumet [****..]
Gold:   1022       SH:  0    Dex: 11      Spells: 7/34 levels left

rFire   . . .      SeeInvis +   u - staff of conjuration
rCold   . . .      Faith    .   (no shield)
rNeg    . . .      Spirit   .   (body armour unavailable)
rPois   .          Reflect  .   (helmet restricted)
rElec   .          Harm     .   (no cloak)
rCorr   .          Rampage  .   B - +2 pair of gloves
Will    +....                   l - +2 pair of boots
Stlth   +.........              n - amulet of the acrobat
HPRegen 0.29/turn               z - ring of see invisible
MPRegen 0.21/turn               D - +6 ring of intelligence

@: confused, acrobatic
A: breathe steam, AC +8, unfitting armour, cold-blooded, steam resistance, fangs
1, sense surroundings 1
a: Breathe Steam, Renounce Religion


You were in an ice cave.
You worshipped Vehumet.
Vehumet was greatly pleased with you.
You visited 4 branches of the dungeon, and saw 19 of its levels.
You also visited: Ice Cave.

You collected 1816 gold pieces.
You spent 794 gold pieces at shops.

Inventory:

Hand Weapons
 k - a +1 dagger of speed
 q - a +0 arbalest of venom
 v - a +2 scimitar of holy wrath
 w - a +2 dagger of holy wrath
 G - a +0 dagger of protection
 J - the +6 sling of the Whale {flame, rPois}
   (You found it on level 9 of the Dungeon)

   Any ammunition fired from it burns those it strikes, dealing additional fire
   damage.
   rPois:     It protects you from poison.
 U - a +5 shortbow of freezing
Missiles
 x - 4 curare-tipped darts
 C - 7 poisoned darts
Armour
 l - a +2 pair of boots (worn)
 B - a +2 pair of gloves (worn)
Magical Staves
 u - a staff of conjuration (weapon)
Jewellery
 n - an amulet of the acrobat (around neck)
 s - a +6 ring of strength
 t - a ring of ice
 z - a ring of see invisible (left hand)
 A - a ring of resist corrosion
 D - a +6 ring of intelligence (right hand)
 I - an amulet of reflection
 P - an amulet of faith
 Q - a +4 ring of protection
Wands
 e - a wand of digging (8)
 r - a wand of charming (21)
 y - a wand of flame (40)
 F - a wand of mindburst (16)
 O - a wand of polymorph (6)
Scrolls
 c - 8 scrolls of teleportation
 d - 5 scrolls of poison
 g - 6 scrolls of amnesia
 h - 5 scrolls of enchant armour
 j - 2 scrolls of enchant weapon
 m - a scroll of immolation
 E - 2 scrolls of summoning
 K - 2 scrolls of magic mapping
 R - 2 scrolls of fear
Potions
 a - a potion of magic
 b - 3 potions of brilliance
 f - 5 potions of heal wounds
 i - 5 potions of flight
 o - a potion of resistance
 p - a potion of might
 H - 2 potions of ambrosia
 L - 6 potions of curing
 M - a potion of berserk rage
 N - a potion of mutation
 S - a potion of haste {unknown}
 T - a potion of invisibility


   Skills:
 + Level 8.1 Fighting
 + Level 2.8 Short Blades
 + Level 12.3 Ranged Weapons
 + Level 6.8 Dodging
 + Level 5.2 Stealth
 + Level 10.5 Spellcasting
 + Level 10.8 Conjurations
 + Level 7.7 Translocations
 + Level 4.7 Fire Magic
 + Level 1.0 Air Magic


You had 7 spell levels left.
You knew the following spells:

 Your Spells              Type           Power      Damage    Failure   Level
a - Magic Dart            Conj           100%       1d8       1%          1
b - Searing Ray           Conj           100%       2d8       1%          2
c - Foxfire               Conj/Fire      100%       2x1d9     1%          1
d - Conjure Flame         Conj/Fire      64%        6-21      1%          3
e - Iskenderun's Mystic   Conj/Tloc      70%        2d14      1%          4
f - Fireball              Conj/Fire      32%        3d14      1%          5
g - Conjure Ball Lightni  Conj/Air       28%        3x3d8     17%         6
h - Lee's Rapid Deconstr  Erth           6%         3d7*      36%         5

Your spell library contained the following spells:

 Spells                   Type           Power      Damage    Failure   Level
 Spellforged Servitor     Conj/Summ      26%        N/A       73%         7
 Freeze                   Ice            48%        1d7       1%          1
 Static Discharge         Conj/Air       56%        3-10/arc  1%          2
 Dazzling Flash           Conj/Hex       100%       N/A       1%          3
 Inner Flame              Hex/Fire       22%        N/A       1%          3
 Flame Wave               Conj/Fire      64%        2d15      1%          4
 Fulminant Prism          Conj/Hex       26%        3d14      1%          4
 Hailstorm                Conj/Ice       53%        3d12      1%          4
 Iskenderun's Battlesphe  Conj           75%        2d12      1%          5
 Portal Projectile        Hex/Tloc       58%        N/A       3%          3
 Lightning Bolt           Conj/Air       28%        1d44      3%          5
 Frozen Ramparts          Ice            24%        1d4       4%          3
 Necrotise                Necr           48%        1d6       5%          1
 Orb of Destruction       Conj           37%        9d11      14%         7
 Call Canine Familiar     Summ           12%        N/A       16%         3
 Confusing Touch          Hex            12%        N/A       16%         3
 Tukima's Dance           Hex            12%        N/A       16%         3
 Vampiric Draining        Necr           12%        2d6       16%         3
 Yara's Violent Unravell  Hex/Tmut       6%         3d5       36%         5
 Leda's Liquefaction      Hex/Erth       6%         N/A       47%         4
 Agony                    Necr           12%        N/A       83%         5
 Blade Hands              Tmut           6%         N/A       83%         5
 Enfeeble                 Hex            6%         N/A       100%        7
 Maxwell's Capacitive Co  Air            8%         ∞         100%        8


Dungeon Overview and Level Annotations

Branches:
Dungeon (14/15)            Temple (1/1) D:7            Lair (2/5) D:8
    Orc (2/2) D:12            Elf (0/3) Orc:2        Vaults (0/5) D:14
  IceCv (1/1)
  Swamp: Lair:2-3    Shoals: Lair:2-3     Snake: Lair:2-3    Spider: Lair:2-3

Altars:
Ashenzari
Cheibriados
Dithmenos
Elyvilon
Fedhas
Gozag
Hepliaklqana
Kikubaaqudgha
Makhleb
Nemelex Xobeh
Okawaru
Qazlal
Ru
Sif Muna
Trog
Uskayaw
Vehumet
Wu Jian
Xom
Yredelemnul
Zin
The Shining One

Shops:
D:8 [   D:12 [   D:14 *   Orc:2 ?[[[

Annotations:
D:9 2 transporters, TheSexyCheese's ghost, journeyman MiFi
D:14 Louise IceCv exclusion: orange crystal statue


Innate Abilities, Weirdness & Mutations

You can breathe blasts of scalding, opaque steam.
Your pale cyan-grey scales are hard. (AC +8)
You cannot fit into any form of body armour.
You are cold-blooded and may be slowed by cold attacks.
You are immune to the effects of steam.
You have very sharp teeth.
You passively map a small area around you.


Message History

The slime creature barely misses you.
The orange crystal statue glitters.
You are more confused.
You hit the slime creature. You tail-slap the slime creature.
The slime creature is lightly wounded.
The great orb of eyes simulacrum bites you but does no damage.
The slime creature barely misses you. The slime creature hits you!
The large slime creature hits you!
The great orb of eyes simulacrum completely misses you.
The large slime creature hits you!! The slime creature hits you.
The slime creature hits you!
Unknown command.
The slime creature barely misses you. The slime creature hits you!
The large slime creature misses you.
The great orb of eyes simulacrum misses you.
The slime creature hits you!
The slime creature completely misses you.
The large slime creature hits you!
* * * LOW HITPOINT WARNING * * *
The great orb of eyes simulacrum closely misses you.
The slime creature misses you.
The large slime creature barely misses you.
The orange crystal statue fixes its piercing gaze on you.
You feel dopey. Something feeds on your intellect!
The slime creature hits you but does no damage.
The great orb of eyes simulacrum bites you but does no damage.
The slime creature completely misses you.
The slime creature closely misses you.
The large slime creature completely misses you.
The great orb of eyes simulacrum completely misses you.
The large slime creature misses you.
The slime creature completely misses you.
The slime creature misses you.
The slime creature completely misses you. x2
The large slime creature misses you.
The great orb of eyes simulacrum bites you.
* * * LOW HITPOINT WARNING * * *
The great orb of eyes simulacrum freezes you!!
You die...

* , , ** * * , , * , ,,,
* * ** * * , ,
########### , ,
###..J@8....# * ,
##....JZJ....#* * *, ,
#......###..... * , ##
#.....######... , ,##.
#....###.[[###. ##..
##.....##[...########...
##.....##.....##......#
####...####.......####
##....####...###...


You could see an orange crystal statue, a large slime creature (summoned), 2
slime creatures and a great orb of eyes simulacrum (summoned).

Vanquished Creatures
  3 quicksilver oozes (IceCv)
  Snorg (Orc:2)
  A vault guard (D:14)
  3 hydras
  A boulder beetle (D:13)
  2 two-headed ogres
  Erica (D:8)
  A centaur warrior (D:13)
  Nergalle (D:10)
  4 skeletal warriors
  Lodul (D:12)
  The ghost of soggyman666 the Fighter, a novice MiFi of Trog (D:6)
  9 orc knights
  An orc sorcerer (Orc:2)
  6 cyclopes
  A manticore (D:12)
  4 ugly things
  Maurice (D:11)
  A cane toad (Lair:2)
  2 gargoyles
  4 komodo dragons
  An unseen horror (D:11)
  An unseen horror zombie (D:8)
  A yaktaur (shapeshifter) (D:13)
  A freezing wraith (D:9)
  A queen bee (D:6)
  6 trolls
  A blink frog (Lair:2)
  11 slime creatures
  4 shadows
  2 wyverns (D:9)
  12 yaks
  11 humans (D:14)
  A basilisk (shapeshifter) (D:13)
  13 vampire mosquitoes
  2 basilisks
  A steam dragon (D:10)
  11 wargs
  2 water moccasins
  2 acid dragons
  4 sky beasts
  39 orc warriors
  The ghost of gdog the Covert, an amateur GnDe (D:3)
  3 great orb of eyes simulacra (IceCv)
  13 ogres
  A wolf (Lair:1)
  6 centaurs
  A slime creature simulacrum (IceCv)
  2 phantoms
  A kobold brigand (D:7)
  6 bullfrogs
  A gnoll sergeant (D:9)
  4 scorpions
  A glowing shapeshifter simulacrum (IceCv)
  2 necrophages
  15 wights
  12 killer bees
  6 howler monkeys
  A hound (D:5)
  2 gnoll boudas
  3 jellies
  16 orc priests
  A centaur zombie (D:8)
  Terence (D:2)
  Natasha (twice) (D:2)
  An iguana (D:7)
  29 orc wizards
  2 howler monkey zombies (D:8)
  17 gnolls
  8 adders
  2 worms
  3 dart slugs
  94 orcs
  7 ball pythons
  2 endoplasms
  A giant cockroach (D:3)
  6 goblins
  2 hobgoblins
  4 jackals
  10 kobolds
  3 quokkas
  7 bats
  2 frilled lizards (D:2)
  9 rats
486 creatures vanquished.

Vanquished Creatures (others)
  A river rat (Lair:2)
  19 ball lightnings
  72 foxfires
  29 fungi
  30 plants
  11 withered plants (D:8)
162 creatures vanquished.

Grand Total: 648 creatures vanquished

Notes
Turn   | Place    | Note
-------+----------+-------------------------------------------
     0 | D:1      | javelincjr the Draconian Conjurer began the quest for the
                  | Orb.
     0 | D:1      | Reached XP level 1. HP: 14/14 MP: 3/3
   244 | D:1      | Reached XP level 2. HP: 20/20 MP: 0/5
   390 | D:1      | Found a faded altar of an unknown god.
  1087 | D:2      | Reached XP level 3. HP: 22/26 MP: 4/6
  1240 | D:2      | Learned a level 2 spell: Searing Ray
  1329 | D:2      | Noticed Natasha
  1332 | D:2      | Killed Natasha
  1333 | D:2      | Reached skill level 1 in Short Blades
  1333 | D:2      | Reached XP level 4. HP: 26/33 MP: 2/7
  1430 | D:2      | Noticed Terence
  1439 | D:2      | Killed Terence
  1855 | D:2      | Noticed Natasha
  1863 | D:2      | Killed Natasha
  2155 | D:3      | Reached XP level 5. HP: 39/39 MP: 6/9
  2396 | D:3      | Found a runed translucent door.
  2396 | D:3      | Noticed gdog's ghost (amateur GnDe)
  2445 | D:3      | Reached skill level 1 in Fighting
  2445 | D:3      | Reached skill level 5 in Conjurations
  3055 | D:3      | Killed gdog's ghost
  3056 | D:3      | Reached XP level 6. HP: 13/47 MP: 3/11
  3327 | D:4      | Found a burning altar of Makhleb.
  3432 | D:4      | Identified the +4 arbalest of Gicoes {vorpal, rF+ rC++ MP-9
                  | Dex+4}
  3470 | D:4      | Found an ornate altar of the Wu Jian Council.
  4096 | D:5      | Entered Level 5 of the Dungeon
  4138 | D:5      | Reached skill level 1 in Ranged Weapons
  4207 | D:5      | Your scales start taking on a pale cyan-grey colour.
  4207 | D:5      | Reached XP level 7. HP: 41/52 MP: 3/12
  4207 | D:5      | Gained mutation: You are immune to the effects of steam.
                  | [Pale Draconian growth]
  4223 | D:5      | You fall into a shaft and drop 2 floors!
  4304 | D:7      | Reached skill level 2 in Ranged Weapons
  4312 | D:7      | Reached skill level 3 in Ranged Weapons
  4397 | D:7      | Reached skill level 4 in Ranged Weapons
  4408 | D:6      | Reached XP level 8. HP: 40/61 MP: 4/13
  4673 | D:6      | Found a stormy altar of Qazlal.
  4988 | D:6      | Reached skill level 5 in Ranged Weapons
  5338 | D:6      | Noticed soggyman666's ghost (novice MiFi)
  5339 | D:6      | Noticed a queen bee
  5404 | D:6      | Found a transporter.
  5408 | D:6      | Found a transporter.
  5801 | D:5      | Reached skill level 6 in Ranged Weapons
  6401 | D:6      | Noticed a two-headed ogre
  6405 | D:6      | Killed a two-headed ogre
  6406 | D:6      | Reached skill level 7 in Ranged Weapons
  6406 | D:6      | Reached XP level 9. HP: 71/71 MP: 5/14
  6418 | D:6      | Gained mutation: Your muscles are strong. (Str +4, Int/Dex
                  | -1) [potion of mutation]
  6419 | D:6      | Lost mutation: Your muscles are strong. (Str +4, Int/Dex
                  | -1) [potion of mutation]
  6419 | D:6      | Gained mutation: You have very sharp teeth. [potion of
                  | mutation]
  6419 | D:6      | Gained mutation: You passively map a small area around you.
                  | [potion of mutation]
  6841 | D:7      | Reached skill level 8 in Ranged Weapons
  6900 | D:7      | Learned a level 1 spell: Foxfire
  7417 | D:7      | Found a staircase to the Ecumenical Temple.
  7431 | Temple   | Entered the Ecumenical Temple
  7490 | Temple   | Became a worshipper of Vehumet
  7524 | Temple   | Learned a level 3 spell: Conjure Flame
  7529 | Temple   | Learned a level 4 spell: Iskenderun's Mystic Blast
  7614 | D:8      | Noticed Erica
  7634 | D:8      | Killed Erica
  7635 | D:8      | Reached skill level 9 in Ranged Weapons
  7936 | D:8      | Reached skill level 5 in Fighting
  7936 | D:8      | Reached XP level 10. HP: 81/81 MP: 7/16
  7954 | D:8      | Reached skill level 1 in Fire Magic
  8259 | D:8      | Reached skill level 10 in Ranged Weapons
  8349 | D:8      | Found Xuwulul's Antique Armour Shop.
  8353 | D:8      | Bought a pair of gloves for 76 gold pieces
  8421 | D:8      | Found a staircase to the Lair.
  8428 | D:8      | Reached * piety under Vehumet
  8428 | D:8      | Offered knowledge of Sandblast by Vehumet.
  8702 | D:8      | Found a blossoming altar of Fedhas.
  8759 | D:9      | Found a broken altar of Ashenzari.
  8788 | D:9      | Found a transporter.
  8788 | D:9      | Noticed a manticore
  8788 | D:9      | Noticed TheSexyCheese's ghost (journeyman MiFi)
  8863 | D:9      | Noticed a two-headed ogre
  8868 | D:9      | Killed a two-headed ogre
  9080 | D:9      | Reached skill level 11 in Ranged Weapons
  9118 | D:9      | Reached skill level 5 in Dodging
  9217 | D:9      | Noticed a green ugly thing
  9253 | D:9      | Noticed a five-headed hydra
  9679 | D:9      | Found a transporter.
  9679 | D:9      | Noticed an ogre mage
  9759 | D:9      | Killed a five-headed hydra
  9759 | D:9      | Offered knowledge of Scorch by Vehumet.
 10165 | D:9      | Killed a green ugly thing
 10166 | D:9      | Reached XP level 11. HP: 91/91 MP: 15/17
 10186 | D:9      | Found a shimmering altar of Xom.
 10187 | D:9      | Found a basalt altar of Yredelemnul.
 10187 | D:9      | Found a glowing silver altar of Zin.
 10513 | D:9      | Identified the +6 sling of the Whale {flame, rPois}
 10538 | D:9      | Reached ** piety under Vehumet
 10539 | D:9      | Reached skill level 1 in Translocations
 10662 | D:9      | Identified the +1 scale mail of Haunted Awe {rPois Stlth+}
 10886 | D:6      | Reached skill level 5 in Spellcasting
 10915 | D:6      | Killed soggyman666's ghost
 11255 | Lair:1   | Entered Level 1 of the Lair of Beasts
 11404 | Lair:1   | You fall into a shaft and drop 1 floor!
 11408 | Lair:2   | Noticed a catoblepas
 11825 | D:10     | Entered Level 10 of the Dungeon
 12041 | D:10     | Found a shadowy altar of Dithmenos.
 12448 | D:10     | Offered knowledge of Poisonous Vapours by Vehumet.
 12709 | D:10     | Noticed a skeletal warrior
 12709 | D:10     | Noticed a skeletal warrior
 12709 | D:10     | Noticed a skeletal warrior
 12726 | D:9      | Killed a skeletal warrior
 13013 | D:9      | Killed a skeletal warrior
 13210 | D:10     | Noticed a skeletal warrior
 13244 | D:9      | Killed a skeletal warrior
 13245 | D:9      | Reached skill level 12 in Ranged Weapons
 13245 | D:9      | Reached XP level 12. HP: 69/101 MP: 5/21
 13691 | D:11     | Noticed Nergalle
 13789 | D:10     | Killed Nergalle
 14045 | D:11     | Identified the +9 war axe "Fixkith" {venom, rElec Str+7}
 14083 | D:11     | Reached *** piety under Vehumet
 14091 | D:11     | Noticed Maurice
 14100 | D:11     | Killed Maurice
 14130 | D:11     | Noticed a four-headed hydra
 14145 | D:11     | Killed a four-headed hydra
 14442 | D:11     | Identified the +12 plate armour of the Meadowlark {rF+++
                  | Str+4 Dex-4}
 14542 | D:11     | Identified a scroll of acquirement
 14542 | D:11     | Acquired a staff of conjuration
 14776 | D:12     | Noticed Lodul
 14784 | D:12     | Reached skill level 5 in Translocations
 14799 | D:12     | Killed Lodul
 14799 | D:12     | Offered knowledge of Olgreb's Toxic Radiance by Vehumet.
 14816 | D:12     | Learned a level 5 spell: Fireball
 15289 | D:12     | Reached skill level 5 in Stealth
 15643 | D:12     | Found a staircase to the Orcish Mines.
 15648 | D:12     | Found Inoxist's Antique Armour Shop.
 15651 | D:12     | Bought a pair of pitted gloves for 294 gold pieces
 15651 | D:12     | Identified the +0 pair of gloves of the Vaults {Str+4} (You
                  | bought it in a shop on level 12 of the Dungeon)
 15685 | Orc:1    | Entered Level 1 of the Orcish Mines
 15902 | Orc:1    | Reached **** piety under Vehumet
 16717 | Orc:1    | Offered knowledge of Ignite Poison by Vehumet.
 16880 | Orc:2    | Entered Level 2 of the Orcish Mines
 17486 | Orc:2    | Paralysed by an orc sorcerer for 3 turns
 17511 | Orc:2    | Reached XP level 13. HP: 84/107 MP: 8/25
 17905 | Orc:2    | Noticed Snorg
 17918 | Orc:2    | Killed Snorg
 17918 | Orc:2    | Reached ***** piety under Vehumet
 17918 | Orc:2    | Offered knowledge of Spellforged Servitor by Vehumet.
 18547 | Orc:2    | Found Dopsovu's Armour Boutique.
 18547 | Orc:2    | Found Ecopt's Armour Shoppe.
 19797 | Orc:2    | Found a staircase to the Elven Halls.
 19828 | Orc:2    | Found Foheng's Magic Scroll Shoppe.
 19828 | Orc:2    | Found Fetouth's Armour Boutique.
 20201 | D:13     | Reached skill level 10 in Conjurations
 20490 | D:13     | Learned a level 6 spell: Conjure Ball Lightning
 21426 | D:13     | Reached skill level 10 in Spellcasting
 22095 | D:14     | Found Capnae's General Store.
 22104 | D:14     | Bought a potion of heal wounds for 80 gold pieces
 22104 | D:14     | Bought a potion of invisibility for 128 gold pieces
 22104 | D:14     | Bought 2 potions of curing for 96 gold pieces
 22104 | D:14     | Bought a scroll of magic mapping for 120 gold pieces
 22129 | D:14     | Found an opulent altar of Gozag.
 22215 | D:14     | Noticed Louise
 22532 | D:14     | Found a gate to the Vaults.
 22753 | D:14     | Found a frozen archway.
 22758 | IceCv    | Entered an ice cave
 22976 | IceCv    | Noticed a quicksilver ooze
 22980 | IceCv    | Killed a quicksilver ooze
 22981 | IceCv    | Reached skill level 1 in Air Magic
 22983 | IceCv    | Noticed a quicksilver ooze
 22989 | IceCv    | Killed a quicksilver ooze
 23090 | IceCv    | Noticed a quicksilver ooze
 23094 | IceCv    | Killed a quicksilver ooze
 23095 | IceCv    | Reached XP level 14. HP: 115/115 MP: 21/28
 23106 | IceCv    | Identified the +1 ring mail of Gulaidoi {Rampage Fly rCorr}
 23455 | IceCv    | Learned a level 5 spell: Lee's Rapid Deconstruction
 23596 | IceCv    | Mangled by a great orb of eyes simulacrum

Illustrated notes

Levels and vault maps discovered:
D:1:      dpeg_arrival_boxorama, layout_loops_ring,
          ebering_ecumenical_altar_abandoned
D:2:      layout_basic, minmay_bisected, uniq_natasha, uniq_terence
D:3:      layout_loops_cross, hellmonk_ghost_happy_afterlife
D:4:      layout_loops_ring, mainiacjoe_overflow_tiny_flanked,
          mainiacjoe_overflow_alcove_2
D:5:      layout_loops_cross
D:6:      layout_basic, nicolae_overflow_hidden_temple, gammafunk_ghost_hive,
          roderic_serpentine_path, hangedman_decor_riveting,
          kennysheep_crisscross
D:7:      layout_rooms, minmay_temple_entry_arrows, grunt_ministairs_15
D:8:      layout_rooms, kennysheep_little_box, grunt_lair_entry_orc_guard_hut,
          serial_undead, serial_undead_f, serial_undead_e, serial_undead_e,
          serial_undead_e, serial_shops, nicolae_square_shop, uniq_erica
D:9:      minmay_cornered_nines, layout_stronghold, cheibrodos_ashenzari_chains,
          chequers_temple_overflow_statue_of_worship, gammafunk_ghost_arena,
          minmay_fractal_squares_gapless_5
D:10:     layout_basic, mainiacjoe_overflow_boulevard, corexii_leaking_fountain,
          minivault_4
D:11:     layout_cave_pools, uniq_nergalle, uniq_maurice
D:12:     layout_roguey, orc_0_dummy, serial_shops, shop,
          kennysheep_generic_room_10, uniq_lodul
D:13:     layout_stronghold
D:14:     layout_gridville, ximxim_vaults_locker_room,
          portal_ice_cave_entry_pillars_four, serial_shops, shop,
          grunt_gozag_breadcrumbs, uniq_louise
Temple:   cyrus_circular_temple
Lair:1:   layout_loops_ring, small_statue_intersection,
          hangedman_lair_generics_rect, serial_bayou_shore_a,
          lemuel_fruit_fields, serial_bayou_shore_b
Lair:2:   layout_misc_corridors, pond, grunt_megastairs_4
Orc:1:    layout_diamond_mine, abandoned_shop
Orc:2:    st_orc_town, layout_diamond_mine, uniq_snorg
IceCv:    ice_cave_hellmonk_azure_passage

Skill      XL: |  1  2  3  4  5  6  7  8  9 10 11 12 13 |
---------------+----------------------------------------+-----
Dodging        | 2 3 4 5 6 |  6.8
Stealth        | 2 3 4 5 |  5.2
Short Blades   | 1 2 |  2.8
Spellcasting   | 3 4 6 8 10 | 10.5
Fighting       | 1 2 4 5 6 7 8 |  8.1
Conjurations   | 5 7 9 10 | 10.8
Ranged Weapons | 1 4 7 9 11 12 | 12.3
Fire Magic     | 1 3 4 |  4.7
Translocations | 3 5 7 |  7.7
Air Magic      | 1 |  1.0

Action                   |  1- 3 |  4- 6 |  7- 9 | 10-12 | 13-15 || total
-------------------------+-------+-------+-------+-------+-------++-------
Melee: Dagger            |    59 |    73 |     1 |    13 |       ||   146
       Tailslap          |     4 |    14 |       |     4 |     2 ||    24
       Punch             |       |     1 |       |       |       ||     1
       Bite              |       |       |       |     2 |     1 ||     3
       Staff             |       |       |       |    10 |    10 ||    20
 Fire: Arbalest          |       |    31 |   166 |    64 |       ||   261
       Sling             |       |       |       |   102 |       ||   102
 Cast: Magic Dart        |    28 |    22 |       |    41 |    44 ||   135
       Searing Ray       |     1 |    13 |     5 |     5 |       ||    24
       Foxfire           |       |       |     4 |    30 |     7 ||    41
       Iskenderun's Myst |       |       |       |   111 |   109 ||   220
       Fireball          |       |       |       |    25 |    51 ||    76
       Conjure Ball Ligh |       |       |       |       |     7 ||     7
       Conjure Flame     |       |       |       |       |     1 ||     1
       Lee's Rapid Decon |       |       |       |       |     3 ||     3
 Abil: Breathe Steam     |       |       |     6 |   146 |   106 ||   258
  Use: Scroll            |       |     8 |     4 |    13 |     4 ||    29
       Potion            |       |       |     3 |     4 |       ||     7
 Stab: Sleeping          |     2 |       |       |       |       ||     2
       Distracted        |       |       |       |     1 |       ||     1
Armor: Skin              |    16 |    24 |    46 |    70 |    17 ||   173
Dodge: Dodged            |    35 |    40 |    68 |   226 |    85 ||   454
